Map: Port Aleksander LE

Players

SoyDtrap - Winner!

  • Race: Zerg Zerg
  • League: Diamond
  • Spawn Location: 11:00

RANDOM

  • Race: Terran Terran
  • League: Diamond
  • Spawn Location: 5:00

VOD

Have the link to the VOD?

Description

Time

  • Played on: May 9, 2019, 11:12 p.m.
  • Length: 10:51
Show
View Real Time Build Order
Export as new Build Order

SoyDtrap Zerg - Winner!

Build Orders: Hatch First 

Get SALT Encoding   

  12  0:01  Drone  
  13  0:12  Overlord  
  13  0:18  Drone  
  14  0:31  Drone x2  
  16  0:36  Drone  
  17  0:56  Hatchery  
  16  0:57  Drone  
  16  1:01  Drone  
  18  1:11  Extractor  
  18  1:17  Spawning Pool  
  16  1:21  Drone  
  16  1:22  Drone  
  18  1:28  Drone  
  19  1:39  Overlord  
  19  1:51  Drone  
  20  2:05  Zergling x2  
  20  2:06  Queen  
  20  2:07  Queen  
  20  2:08  Zergling x2  
  26  2:13  Drone  
  27  2:19  Drone  
  28  2:24  Drone  
  29  2:30  Drone  
  29  2:35  Overlord  
  30  2:44  Drone  
  30  2:45  Drone  
  30  2:48  Metabolic Boost  
  32  2:51  Lair  
  32  2:53  Queen  
  34  2:58  Drone  
  34  2:59  Drone  
  36  3:07  Overlord  
  36  3:08  Overlord  
  36  3:16  Drone  
  36  3:17  Drone x3  
  40  3:25  Roach Warren  
  39  3:34  Drone x5  
  44  3:47  Drone x3  
  47  3:50  Extractor  
  47  3:52  Extractor  
  45  3:56  Queen  
  45  3:58  Queen  
  49  4:04  Nydus Network  
  49  4:05  Roach x2  
  52  4:10  Overlord x2  
  52  4:17  Overlord  
  52  4:18  Overlord  
  52  4:30  Zergling x6  
  52  4:31  Zergling x10  
  60  4:50  Overlord x3  
  60  4:53  Nydus Canal  
  60  4:58  Overlord x2  
  60  4:59  Overlord x2  
  59  5:12  Roach x5  
  46  5:46  Zergling x8  
  46  5:47  Zergling x6  
  49  5:53  Spine Crawler x2  
  49  5:57  Roach Warren  
  46  5:58  Zergling x2  
  46  5:59  Zergling x2  
  46  6:02  Queen  
  49  6:19  Zergling x18  
  58  6:32  Zergling x4  
  52  7:01  Roach  
  52  7:02  Roach x6  
  45  7:37  Roach  
  45  7:38  Roach x3  
  53  7:47  Hatchery  
  52  7:56  Extractor, Spawning Pool  
  52  7:57  Roach Warren  
  52  7:58  Extractor  
  46  8:02  Extractor, Hatchery  
  46  8:03  Spine Crawler  
  39  8:09  Extractor  
  32  9:15  Roach x3  
  34  9:32  Roach x3  
  40  9:39  Ravager  
  40  9:40  Ravager x2  
  43  9:46  Drone x5  
  43  9:50  Zergling x2  
  43  9:51  Zergling x6  
  50  10:07  Zergling x6  
Show
View Real Time Build Order
Export as new Build Order

RANDOM Terran 

Build Orders:  

Get SALT Encoding   

  12  0:01  SCV  
  13  0:13  SCV  
  14  0:22  Supply Depot  
  14  0:25  SCV  
  15  0:31  Refinery  
  15  0:45  Barracks  
  15  0:46  SCV  
  16  0:54  Refinery  
  16  0:58  SCV  
  17  1:10  SCV  
  18  1:32  Factory  
  18  1:38  Orbital Command  
  18  1:40  Barracks Tech Lab  
  18  1:56  Supply Depot  
  18  1:59  Marine  
  19  2:06  SCV  
  20  2:15  Barracks  
  20  2:28  Marine, Siege Tank  
  24  2:33  SCV  
  25  2:41  Barracks  
  25  2:54  Starport  
  25  2:56  Marine  
  26  3:04  Siege Tank  
  29  3:08  Marine  
  29  3:12  SCV  
  31  3:21  Supply Depot  
  31  3:25  Marine  
  32  3:35  Marine x2  
  34  3:47  Medivac  
  36  3:52  Marine  
  36  3:53  Marine  
  38  4:03  Marine  
  38  4:09  Marine  
  39  4:11  Marine, Siege Tank  
  39  4:14  SCV  
  45  5:01  Marine x3  
  41  5:18  Marine  
  41  5:19  Marine x2  
  44  5:36  Marine  
  44  5:37  Marine x2, Liberator  
  43  5:43  Siege Tank  
  44  5:54  Marine  
  44  5:55  Marine x2  
  50  6:12  Marine x3  
  53  6:19  Siege Tank  
  50  6:30  Marine x3  
  41  6:48  Marine x2  
  41  6:49  Marine  
  17  8:59  Orbital Command  
  16  10:11  Marine  
  16  10:12  Marine, SCV  
  13  10:24  SCV  
  10  10:29  Marine  
  10  10:30  Marine  
  12  10:36  SCV  
Tags
 
Add a new tag
Caveats
  • Supply blocks, unpowered buildings, or Contaminate may cause inaccurate times.
  • Supply counts are checked every 10 seconds.